 Dungeon Crawl Stone Soup version 0.29.0-4-gdea44cf6ec (webtiles) character file.

Game seed: 16829973714307400484

394 qw the Chopper (level 6, -4/35 HPs)
             Began as a Tengu Warper on Aug 28, 2022.
             Was an Initiate of Okawaru.
             Slain by an ogre
             ... wielding a +0 giant club
              (31 damage)
             ... on level 4 of the Dungeon.
             The game lasted 00:00:20 (4252 turns).

qw the Chopper (Tengu Warper)                       Turns: 4252, Time: 00:00:21

Health: -4/35      AC: 12    Str: 13    XL:     6   Next: 81%
Magic:  10/10      EV:  5    Int: 13    God:    Okawaru [......]
Gold:   106        SH:  0    Dex: 14    Spells: 9/9 levels left

rFire   . . .      SeeInvis .   Y - +0 hand axe
rCold   . . .      Faith    .   (no shield)
rNeg    . . .      Spirit   .   c - +0 plate armour
rPois   .          Reflect  .   (helmet restricted)
rElec   .          Harm     .   (no cloak)
rCorr   .          Rampage  .   e - +0 pair of gloves
Will    +....                   (boots unavailable)
Stlth   ..........              (no amulet)
HPRegen 0.11/turn               g - ring of willpower
MPRegen 0.12/turn               (no ring)

@: flying quickly and evasively, quick
A: beak, talons 3, nimble flight
a: Renounce Religion


You were on level 4 of the Dungeon.
You worshipped Okawaru.
Okawaru was noncommittal.
You visited 2 branches of the dungeon, and saw 5 of its levels.

You collected 164 gold pieces.
You spent 58 gold pieces at shops.


Innate Abilities, Weirdness & Mutations

You have a beak for a mouth.
You have claws for feet.
Your magical nature lets you fly swiftly and evasively.


   Skills:
 + Level 2.0 Fighting
 - Level 7.0 Axes
 - Level 1.0 Throwing
 - Level 3.2 Armour
 - Level 2.1 Dodging
 - Level 2.0 Spellcasting
 - Level 2.4 Translocations


You had 9 spell levels left.
You didn't know any spells.
Your spell library contained the following spells:

 Spells                   Type           Power      Damage    Failure   Level
 Blink                    Tloc           14%        N/A       100%        2
 Gell's Gravitas          Tloc           7%         N/A       100%        3
 Lesser Beckoning         Tloc           7%         N/A       100%        3
 Teleport Other           Tloc           7%         N/A       100%        3
 Manifold Assault         Tloc           7%         N/A       100%        5

Inventory:

Hand Weapons
 k - a +0 flail
 Y - a +0 hand axe (weapon)
Armour
 c - a +0 plate armour (worn)
 e - a +0 pair of gloves (worn)
Jewellery
 g - a ring of willpower (left hand)
Scrolls
 d - a scroll of identify
 i - a scroll of teleportation
 l - a scroll of enchant armour {unknown}
Potions
 a - a potion of curing
 b - a potion of mutation
 f - 2 potions of resistance
 h - 2 potions of heal wounds
 j - 2 potions of attraction {unknown}

Dungeon Overview and Level Annotations

Branches:
Dungeon (4/15)             Temple (1/1) D:4

Altars:
Cheibriados
Dithmenos
Elyvilon
Gozag
Hepliaklqana
Makhleb
Okawaru
Qazlal
Ru
Sif Muna
Trog
Uskayaw
Vehumet
Xom
Yredelemnul
Zin
The Shining One

Shops:
D:3 [

Annotations:
D:4 Pikel


Message History

Pikel freezes you.
3948 ||| READING 2 scrolls of teleportation.
As you read the scroll of teleportation, it crumbles to dust.
You feel strangely unstable. Pikel hits you but does no damage.
3949 ||| DRINKING 3 potions of heal wounds.
You feel much better. Pikel hits you but does no damage.
You hit Pikel. You claw Pikel, but do no damage.
Pikel is lightly wounded.
Pikel hits you with a +2 whip of freezing.
Pikel freezes you.
You closely miss Pikel.
Pikel is lightly wounded.
Pikel hits you with a +2 whip of freezing.
Pikel freezes you.
You hit Pikel.
Pikel is moderately wounded.
Pikel barely misses you.
You hit Pikel.
Pikel is moderately wounded.
Your surroundings suddenly seem different.
You start resting.
HP restored.
There is a stone staircase leading up here.
Found a robe.
Enter note: You see here a +0 robe.
An ogre comes into view. It is wielding a +0 giant club.
Enter note:
4247 ||| Stepping ~*~*~tactically~*~*~ (stealth).
The ogre shouts!
You hit the ogre but do no damage. You claw the ogre.
The ogre is lightly wounded.
The ogre hits you with a +0 giant club!
You barely miss the ogre. You claw the ogre.
The ogre is moderately wounded.
The ogre hits you with a +0 giant club!!
Ouch! That really hurt!
You die...

##### ##### #######
#...###...## #......
#####.#.##.....#
#.##### ##
#..............#
#.##... .##
#.##..#.##.....#
#......
..###.#.....###...##
#.##.## ...##......##
##@#### #.##.##
......#...## #O##.##
#...... ..[#####.##
#.#...## #.#...# ..##
#.# #......## #.##..#
.## #.# ##.......#
#.###.# .# ##'##
#......... #...... .#
##...## ##.......#
#####.# .# ##.....##
#..o...... #.# .#
##.......###.##...##.
#..


You could see an ogre and an orc (wandering).

Vanquished Creatures
  Sigmund (D:4)
  A lemure (D:4)
  A scorpion (D:4)
  An orc priest (D:3)
  An orc wizard (D:3)
  8 adders
  A worm (D:4)
  A dart slug (D:2)
  2 orcs (D:3)
  4 ball pythons
  A bat (D:1)
  5 endoplasms
  2 giant cockroaches
  7 hobgoblins
  4 jackals (D:3)
  A quokka (D:3)
  3 frilled lizards
  5 goblins
  4 kobolds
  A rat (D:1)
54 creatures vanquished.

Notes
Turn   | Place    | Note
-------+----------+-------------------------------------------
     0 | D:1      | qw the Tengu Warper began the quest for the Orb.
     0 | D:1      | Reached XP level 1. HP: 12/12 MP: 4/4
     0 | D:1      | 0 ||| qw: Version: 0.1-a-89-g26bdef1
     0 | D:1      | 0 ||| qw: Game counter: 305
     0 | D:1      | 0 ||| qw: Always use a shield: true
     0 | D:1      | 0 ||| qw: God list: Okawaru
     0 | D:1      | 0 ||| qw: Allow faded altars: false
     0 | D:1      | 0 ||| qw: Do Orc after D:15 true
     0 | D:1      | 0 ||| qw: Do second Lair branch before Depths: true
     0 | D:1      | 0 ||| qw: Lair rune preference: random
     0 | D:1      | 0 ||| qw: Plans: Normal
     0 | D:1      | 0 ||| PLANNING D:1-11
   224 | D:1      | 224 ||| Stepping ~*~*~tactically~*~*~ (stealth).
   311 | D:1      | Reached XP level 2. HP: 17/17 MP: 6/6
   342 | D:1      | Reached skill level 3 in Axes
   853 | D:1      | 853 ||| UPGRADING to +0 ring mail.
   863 | D:1      | 863 ||| DROPPING +0 leather armour.
   864 | D:1      | 864 ||| UPGRADING to ring of willpower.
   865 | D:1      | 865 ||| READING scroll labelled OMIDGH CYN SOK.
   866 | D:1      | 866 ||| READING scroll labelled EDAYNAMUFO.
   871 | D:1      | 871 ||| DRINKING 2 clear potions.
   872 | D:1      | 872 ||| DROPPING scroll of blinking.
  1498 | D:2      | Reached XP level 3. HP: 21/21 MP: 7/7
  1537 | D:2      | 1537 ||| UPGRADING to +0 plate armour.
  1547 | D:2      | 1547 ||| DROPPING +0 ring mail.
  1548 | D:2      | 1548 ||| READING scroll labelled OQAROIBBE AKUM.
  1649 | D:2      | 1649 ||| READING 2 scrolls labelled LIVI ATZUEGUL.
  1650 | D:2      | 1650 ||| DROPPING scroll of noise.
  1694 | D:3      | Found Mampiff's Armour Shop.
  1697 | D:3      | 1697 ||| DROPPING +0 club.
  1715 | D:3      | 1715 ||| Stepping ~*~*~tactically~*~*~ (stealth).
  1720 | D:3      | 1720 ||| Stepping ~*~*~tactically~*~*~ (stealth).
  1745 | D:3      | 1745 ||| BUYING +0 pair of gloves (58 gold).
  1745 | D:3      | Bought a +0 pair of gloves for 58 gold pieces
  1765 | D:3      | Reached skill level 4 in Axes
  1787 | D:3      | HP: 4/21 [poisoned by an adder]
  1788 | D:3      | 1788 ||| READING scroll of teleportation.
  1788 | D:3      | HP: 1/21 [poisoned by an adder]
  1789 | D:3      | 1789 ||| DRINKING 2 potions of heal wounds.
  1791 | D:3      | 1791 ||| FLEEEEING.
  1792 | D:3      | 1792 ||| FLEEEEING.
  1793 | D:3      | 1793 ||| STAIRDANCE
  1906 | D:2      | 1906 ||| UPGRADING to +0 pair of gloves.
  1911 | D:2      | 1911 ||| DRINKING 2 fizzy puce potions.
  1912 | D:2      | 1912 ||| DROPPING potion of magic.
  1939 | D:3      | Reached XP level 4. HP: 25/26 MP: 8/8
  2037 | D:3      | 2037 ||| Stepping ~*~*~tactically~*~*~ (stealth).
  2135 | D:3      | Reached skill level 5 in Axes
  2135 | D:3      | Gained mutation: Your magical nature lets you fly swiftly
                  | and evasively. [Tengu growth]
  2135 | D:3      | Reached XP level 5. HP: 26/30 MP: 9/9
  2268 | D:3      | 2268 ||| DROPPING +0 whip.
  2481 | D:3      | Found a shadowy altar of Dithmenos.
  2500 | D:3      | 2500 ||| DROPPING orb of light.
  2501 | D:3      | 2501 ||| DRINKING 2 metallic blue potions.
  2502 | D:3      | 2502 ||| READING 2 scrolls of identify.
  2502 | D:3      | 2502 ||| IDENTIFYING bubbling golden potion
  2503 | D:3      | 2503 ||| DROPPING potion of lignification.
  2759 | D:4      | Noticed Sigmund
  2760 | D:4      | 2760 ||| Stepping ~*~*~tactically~*~*~ (hiding).
  2772 | D:4      | Killed Sigmund
  2773 | D:4      | Reached skill level 7 in Axes
  2773 | D:4      | Reached XP level 6. HP: 31/35 MP: 10/10
  2928 | D:4      | Found a staircase to the Ecumenical Temple.
  2929 | D:4      | 2929 ||| PLANNING TEMPLE
  2929 | D:4      | 2929 ||| READING 2 scrolls of identify.
  2929 | D:4      | 2929 ||| IDENTIFYING silvery potion
  2935 | Temple   | Entered the Ecumenical Temple
  2982 | Temple   | Became a worshipper of Warmaster Okawaru
  3102 | Temple   | 3102 ||| PLANNING D:1-11
  3301 | D:4      | 3301 ||| Stepping ~*~*~tactically~*~*~ (hiding).
  3446 | D:4      | Reached skill level 3 in Armour
  3674 | D:4      | HP: 7/35 [lemure[Pikel] (6)]
  3675 | D:4      | 3675 ||| READING 3 scrolls of teleportation.
  3675 | D:4      | HP: 3/35 [lemure[Pikel] (4)]
  3676 | D:4      | 3676 ||| DRINKING 4 potions of heal wounds.
  3680 | D:4      | 3680 ||| Stepping ~*~*~tactically~*~*~ (stealth).
  3936 | D:4      | Noticed Pikel
  3947 | D:4      | HP: 3/35 [Pikel/+2 whip of freezing (9)]
  3947 | D:4      | HP: 1/35 [Pikel/+2 whip of freezing (2)]
  3948 | D:4      | 3948 ||| READING 2 scrolls of teleportation.
  3949 | D:4      | 3949 ||| DRINKING 3 potions of heal wounds.
  4247 | D:4      | 4247 ||| Stepping ~*~*~tactically~*~*~ (stealth).
  4252 | D:4      | Slain by an ogre

Levels and vault maps discovered:
D:1:      lightli_arrival_chessboard, layout_basic
D:2:      layout_loops_ring, grunt_decor_arrowhead
D:3:      layout_rooms, mainiacjoe_overflow_catwalk, serial_shops,
          nicolae_shop_waterfront, minivault_24
D:4:      layout_loops_corners, minmay_temple_entry_enclosed_plants, uniq_pikel,
          uniq_sigmund
Temple:   nicolae_temple_slightly_damp_pantheon

Skill      XL: |  1  2  3  4  5  6 |
---------------+-------------------+-----
Axes           | 3 4 5 7 |  7.0
Armour         | 2 3 |  3.2
Fighting       | |  2.0
Throwing       | |  1.0
Dodging        | |  2.1
Spellcasting   | |  2.0
Translocations | |  2.4

Action                   |  1- 3 |  4- 6 || total
-------------------------+-------+-------++-------
Melee: Hand axe          |    57 |   105 ||   162
       Kick              |    17 |    37 ||    54
       Peck              |    10 |    17 ||    27
       Punch             |       |     2 ||     2
Throw: Boomerang         |     7 |       ||     7
       Javelin           |       |     6 ||     6
  Use: Scroll            |     5 |     4 ||     9
       Potion            |     3 |     3 ||     6
Armor: Leather armour    |     8 |       ||     8
       Ring mail         |     3 |       ||     3
       Plate armour      |    41 |    67 ||   108
Dodge: Dodged            |    19 |    23 ||    42

Table legend:
 A = Non-vault XP
 B = Vault XP
 C = Vault XP percentage of total XP
 D = Non-vault monster count
 E = Vault monster count
 F = Vault count percentage of total count
                 A         B        C        D         E       F
            +---------+---------+-------+---------+---------+-------
      Total |     349 |     214 |  38.0 |      52 |       1 |   1.9
            +---------+---------+-------+---------+---------+-------
        D:1 |      19 |       0 |   0.0 |      12 |       0 |   0.0
        D:2 |      16 |       0 |   0.0 |       8 |       0 |   0.0
        D:3 |     203 |       0 |   0.0 |      24 |       0 |   0.0
        D:4 |     111 |     214 |  65.8 |       8 |       1 |  11.1
            +---------+---------+-------+---------+---------+-------
